 Dungeon Crawl Stone Soup version 0.19.5 (webtiles) character file.

2968 strmesko the Thaumaturge (level 9, -6/45 HPs)
             Began as a Deep Elf Wizard on Mar 18, 2017.
             Was an Initiate of Sif Muna.
             Killed by the malice of Vehumet (27 damage)
             ... on level 8 of the Dungeon.
             The game lasted 01:21:15 (8080 turns).

strmesko the Thaumaturge (Deep Elf Wizard)          Turns: 8080, Time: 01:21:16

Health: -6/45      AC:  5    Str:  4    XL:     9   Next: 52%
Magic:  22/28      EV: 13    Int: 27    God:    Sif Muna [......]
Gold:   370        SH:  4    Dex: 13    Spells: 5 memorised, 23 levels left

rFire  . . .     SeeInvis .     h - +2 dagger (venom)
rCold  . . .     Gourm    .     a - +0 robe
rNeg   . . .     Faith    .     (no shield)
rPois  .         Spirit   .     b - +0 hat
rElec  .         Reflect  +     C - +0 cloak
rCorr  .         Harm     .     (no gloves)
MR     .....                    D - +1 pair of boots
Stlth  ++........               p - +4 amulet of reflection
                                (no ring)
                                (no ring)

@: repel missiles
A: no striking features
a: Renounce Religion


You were on level 8 of the Dungeon.
You worshipped Sif Muna.
Sif Muna was noncommittal.
You were not hungry.

You visited 2 branches of the dungeon, and saw 9 of its levels.

You collected 370 gold pieces.

Inventory:

Hand Weapons
 h - a +2 dagger of venom (weapon)
 l - a +0 short sword of protection
 A - a +0 blowgun
Missiles
 y - 12 poisoned needles
Armour
 a - a +0 robe (worn)
 b - a +0 hat (worn)
 C - a +0 cloak (worn)
 D - a +1 pair of boots (worn)
Jewellery
 e - an uncursed ring of poison resistance {unknown}
 p - a +4 amulet of reflection (around neck)
 r - an uncursed amulet of regeneration {unknown}
 v - an uncursed ring of ice {unknown}
Wands
 i - a wand of iceblast (4/15)
 x - a wand of hasting (7/9)
 G - a wand of iceblast (6/15)
Scrolls
 c - a scroll of enchant weapon {unknown}
 f - a scroll of random uselessness {unknown}
 g - 3 scrolls of blinking
 k - 6 scrolls of remove curse
 m - 2 scrolls of amnesia {unknown}
 o - 5 scrolls of recharging
 q - 2 scrolls of noise {unknown}
 s - a scroll of fear {unknown}
 u - 2 scrolls of teleportation {unknown}
 I - a scroll of summoning {unknown}
 J - a scroll of identify
Potions
 n - a potion of ambrosia {unknown}
 t - a potion of brilliance
 w - 3 potions of curing
 z - 2 potions of berserk rage {unknown}
 E - a potion of cancellation {unknown}
 H - a potion of might {unknown}
Comestibles
 d - 4 bread rations
 j - 5 meat rations
 B - 2 fruits
 F - 2 slices of pizza


   Skills:
 - Level 0.6 Short Blades
 - Level 2.8 Dodging
 - Level 2.5 Stealth
 + Level 13.1 Spellcasting
 + Level 9.3 Conjurations
 - Level 1.1 Charms
   Level 1.1 Summonings
 - Level 1.1 Translocations
 - Level 0.9 Fire Magic
 - Level 0.4 Air Magic
 - Level 0.7 Poison Magic


You had 23 spell levels left.
You knew the following spells:

 Your Spells              Type           Power        Failure   Level  Hunger
a - Magic Dart            Conj           ####         1%          1    None
b - Blink                 Tloc           N/A          3%          2    None
c - Repel Missiles        Chrm/Air       ###...       3%          2    None
d - Conjure Flame         Conj/Fire      #####...     1%          3    None
e - Mephitic Cloud        Conj/Pois/Air  #####...     2%          3    None


Dungeon Overview and Level Annotations

Branches:
Dungeon (8/15)             Temple (1/1) D:5
   Lair: D:8-11

Altars:
Ashenzari
Cheibriados
Dithmenos
Elyvilon
Fedhas
Gozag
Hepliaklqana
Kikubaaqudgha
Makhleb
Nemelex Xobeh
Okawaru
Qazlal
Ru
Sif Muna
Trog
Uskayaw
Vehumet
Xom
Yredelemnul
Zin
The Shining One

Shops:
D:4 (   D:6 %


Message History

Press: ? - help, Shift-Dir - straight line, f - adder
Aim: an adder (resting)
The magic dart hits the adder.
The adder is moderately wounded.
Casting: Magic Dart
Confirm with . or Enter, or press ? or * to list all spells.
Aiming: Magic Dart
Press: ? - help, Shift-Dir - straight line, f/p - adder
Aim: an adder (moderately wounded)
The magic dart hits the adder.
The adder is heavily wounded.
Casting: Magic Dart
Confirm with . or Enter, or press ? or * to list all spells.
Aiming: Magic Dart
Press: ? - help, Shift-Dir - straight line, f/p - adder
Aim: an adder (heavily wounded) Vehumet does not allow the disloyal to dabble in destruction!
You are blasted with magical energy!
Ouch! That really hurt!
You die...

#.# ... #.# #.. #.# #.#
#.# #.# #.# #.# #.# #.#
#.# # #.# #.#
#.##.##... #.#
#.####.@...S...
#.###.##......##...
######....)...#.#......
.....†.....##...#.###.#
##############.##.# #
#.# .# #.# .# ..# .# ##


You could see an adder.

Vanquished Creatures
  Pikel (D:6)
  Grinder (D:3)
  The ghost of genrtul the Sneak, an amateur KoEn of Nemelex Xobeh (D:3)
  A water moccasin (D:7)
  An orc warrior (D:6)
  A slave (D:6)
  2 sky beasts (D:6)
  A black bear (D:6)
  2 phantoms
  A necrophage (D:7)
  2 ogres
  A centaur (D:8)
  3 bullfrogs
  4 wights (D:6)
  2 crimson imps
  2 hounds
  2 jellies
  6 orc wizards
  2 orc priests
  2 bullfrog skeletons
  3 iguanas
  Jessica (D:3)
  7 worker ants
  A killer bee zombie (D:7)
  A hound skeleton (D:4)
  10 adders
  A howler monkey skeleton (D:4)
  A shadow imp (D:6)
  An ooze (D:3)
  2 worms
  2 dart slugs
  3 leopard geckos
  17 orcs
  6 giant cockroaches
  8 goblins
  8 hobgoblins
  11 jackals
  9 kobolds
  7 quokkas
  A ball python (D:1)
  12 bats
  7 frilled lizards
  A quokka zombie (D:6)
  7 rats
165 creatures vanquished.

Vanquished Creatures (others)
  3 slaves (D:6)
  A bullfrog (D:6)
  A jelly (D:6)
5 creatures vanquished.

Grand Total: 170 creatures vanquished

Notes
Turn   | Place    | Note
-------+----------+-------------------------------------------
     0 | D:1      | strmesko the Deep Elf Wizard began the quest for the Orb.
     0 | D:1      | Reached XP level 1. HP: 10/10 MP: 7/7
   198 | D:1      | Reached XP level 2. HP: 15/15 MP: 2/9
   266 | D:1      | Reached skill level 5 in Spellcasting
   339 | D:1      | Learned a level 2 spell: Blink
   342 | D:1      | Learned a level 2 spell: Repel Missiles
   733 | D:1      | Reached XP level 3. HP: 19/19 MP: 10/12
   738 | D:1      | Learned a level 3 spell: Conjure Flame
   742 | D:1      | Learned a level 3 spell: Mephitic Cloud
  1257 | D:2      | Reached skill level 6 in Spellcasting
  1348 | D:2      | Found a stormy altar of Qazlal.
  1357 | D:2      | Found an opulent altar of Gozag.
  1357 | D:2      | Found a hide-covered altar of Uskayaw.
  1583 | D:2      | Reached XP level 4. HP: 20/24 MP: 9/14
  2184 | D:3      | Noticed Jessica
  2187 | D:3      | Killed Jessica
  2210 | D:3      | Reached XP level 5. HP: 28/28 MP: 9/16
  2245 | D:3      | Noticed genrtul's ghost (amateur KoEn)
  2267 | D:3      | Killed genrtul's ghost
  2267 | D:3      | Reached skill level 7 in Spellcasting
  2267 | D:3      | Reached XP level 6. HP: 32/32 MP: 0/18
  2590 | D:3      | Reached skill level 8 in Spellcasting
  2676 | D:3      | Noticed Grinder
  2699 | D:3      | Killed Grinder
  2699 | D:3      | Reached skill level 1 in Charms
  2699 | D:3      | Reached XP level 7. HP: 19/36 MP: 0/21
  3207 | D:4      | Reached skill level 5 in Conjurations
  3256 | D:4      | Reached skill level 9 in Spellcasting
  3821 | D:4      | Found Larhitry's Antique Weapon Shop.
  4293 | D:5      | Entered Level 5 of the Dungeon
  4458 | D:5      | Reached skill level 10 in Spellcasting
  4492 | D:5      | Found a staircase to the Ecumenical Temple.
  4556 | Temple   | Entered the Ecumenical Temple
  4670 | Temple   | Became a worshipper of Vehumet
  4698 | Temple   | Gained mutation: Your muscles are strong. (Str +2) [potion of beneficial mutation]
  4710 | Temple   | Gained mutation: Your mind is acute. (Int +2) [potion of beneficial mutation]
  4890 | D:5      | Reached XP level 8. HP: 41/41 MP: 12/24
  5317 | D:6      | Found a deep blue altar of Sif Muna.
  5490 | D:6      | Noticed Pikel
  5515 | D:6      | Killed Pikel
  5515 | D:6      | Reached skill level 11 in Spellcasting
  5689 | D:6      | Found Illug's Food Shop.
  6053 | D:6      | Found a sacrificial altar of Ru.
  6063 | D:6      | Reached XP level 9. HP: 45/45 MP: 20/26
  6140 | D:6      | Reached skill level 12 in Spellcasting
  6420 | D:6      | Reached * piety under Vehumet
  6420 | D:6      | Offered knowledge of Sandblast by Vehumet.
  6626 | D:6      | Gained mutation: You are agile. (Dex +2) [mutagenic meat]
  6627 | D:6      | Gained mutation: You evolve. [mutagenic meat]
  6628 | D:6      | Lost mutation: Your muscles are strong. (Str +2) [mutagenic meat]
  6629 | D:6      | Gained mutation: You have sharp fingernails. [mutagenic meat]
  6629 | D:6      | Lost mutation: You evolve. [potion of cure mutation]
  6629 | D:6      | Lost mutation: Your mind is acute. (Int +2) [potion of cure mutation]
  6629 | D:6      | Lost mutation: You are agile. (Dex +2) [potion of cure mutation]
  6629 | D:6      | Lost mutation: You have sharp fingernails. [potion of cure mutation]
  7738 | D:6      | Fell from the grace of Vehumet
  7738 | D:6      | Became a worshipper of Sif Muna the Loreminder
  7924 | D:8      | Reached skill level 13 in Spellcasting
  8080 | D:8      | Killed by the malice of Vehumet

Skill      XL: |  1  2  3  4  5  6  7  8  9 |
---------------+----------------------------+-----
Spellcasting   | 5 6 7 8 10 11 13 | 13.1
Conjurations   | 2 3 4 5 8 9 |  9.3
Charms         | 1 |  1.1
Short Blades   | |  0.6
Dodging        | |  2.8
Stealth        | |  2.5
Summonings     | |  1.1
Translocations | |  1.1
Fire Magic     | |  0.9
Air Magic      | |  0.4
Poison Magic   | |  0.7

Action                   |  1- 3 |  4- 6 |  7- 9 || total
-------------------------+-------+-------+-------++-------
Melee: Dagger            |     7 |    19 |    44 ||    70
 Cast: Magic Dart        |   107 |    78 |   336 ||   521
       Conjure Flame     |       |     5 |    26 ||    31
       Mephitic Cloud    |       |     2 |    24 ||    26
       Blink             |       |     1 |     7 ||     8
       Repel Missiles    |       |     1 |       ||     1
  Use: Scroll            |       |       |     8 ||     8
       Potion            |       |       |     9 ||     9
 Stab: Distracted        |     1 |       |       ||     1
       Sleeping          |       |     2 |     4 ||     6
       Confused          |       |     1 |     9 ||    10
  Eat: Chunk             |     1 |     4 |    21 ||    26
Armor: Robe              |     3 |     2 |     2 ||     7
Dodge: Dodged            |    11 |    12 |    34 ||    57
       Deflected         |       |       |     2 ||     2
Block: Other             |       |       |     1 ||     1
